 Dungeon Crawl Stone Soup version 0.29-a0-885-gb26ba3297d (webtiles) character file.

Game seed: 4164064546068821600

46 jimonade the Magician (level 3, -4/25 HPs)
             Began as a Djinni Hedge Wizard on July 21, 2022.
             Slain by an orc
             ... wielding a +2 flail of protection
              (9 damage)
             ... on level 3 of the Dungeon.
             The game lasted 00:02:50 (2552 turns).

jimonade the Magician (Djinni Hedge Wizard)         Turns: 2552, Time: 00:02:51

Health: -4/25      AC:  2    Str: 11    XL:     3   Next: 92%
Gold:   112        EV: 12    Int: 15    God:
                   SH:  0    Dex: 12

rFire   + + .      SeeInvis .   a - +0 dagger
rCold   x . .      Faith    .   (no shield)
rNeg    . . .      Spirit   .   b - +0 robe
rPois   ∞          Reflect  .   c - +0 hat
rElec   .          Harm     .   (no cloak)
rCorr   .          Rampage  .   (no gloves)
Will    .....                   (boots unavailable)
Stlth   ++........              (no amulet)
HPRegen 0.08/turn               (no ring)
MPRegen 0.00/turn               (no ring)

@: flying
A: sickness immunity, fire resistance 2, cold vulnerability 1, float, innate
caster, HP casting, extra vitality 1
a: no special abilities


You were on level 3 of the Dungeon.
You visited 1 branch of the dungeon, and saw 3 of its levels.

You collected 112 gold pieces.

Inventory:

Hand Weapons
 a - a +0 dagger (weapon)
 k - a +0 sling
Armour
 b - a +0 robe (worn)
 c - a +0 hat (worn)
 f - a +0 ring mail
Scrolls
 e - 5 scrolls of identify {unknown}
 g - a scroll of immolation {unknown}
 j - a scroll of vulnerability {unknown}
 l - a scroll of noise {unknown}
 o - a scroll of enchant armour {unknown}
 p - a scroll of teleportation {unknown}
Potions
 d - 2 potions of brilliance {unknown}
 h - 4 potions of curing {unknown}
 i - 2 potions of lignification {unknown}
 m - 2 potions of degeneration {unknown}
 n - a potion of might {unknown}


   Skills:
 * Level 0.1 Fighting
 + Level 2.2 Dodging
 - Level 1.5 Stealth
 * Level 3.5 Spellcasting


You couldn't memorise any spells.
You knew the following spells:

 Your Spells              Type           Power      Damage    Failure   Level
a - Magic Dart            Conj           52%        1d5       4%          1
b - Blink                 Tloc           26%        N/A       7%          2
c - Call Imp              Summ           13%        N/A       7%          2
d - Slow                  Hex            52%        N/A       4%          1
e - Conjure Flame         Conj/Fire      13%        6-21      14%         3
f - Mephitic Cloud        Conj/Pois/Air  13%        N/A       14%         3
g - Foxfire               Conj/Fire      52%        2x1d6     4%          1
Your spell library was empty.

Dungeon Overview and Level Annotations

Branches:
Dungeon (3/15)

Altars:
Elyvilon


Innate Abilities, Weirdness & Mutations

You are immune to sickness and miasma.
You are immune to poison.
Your flesh is very heat resistant. (rF++)
You are vulnerable to cold. (rC-)
You float through the air rather than walking.
You learn spells naturally, not from books.
Your magical power is your life essence.
You have superior vitality. (+4 MHP)


Message History

There is a stone staircase leading down here.
You fly downwards.
There is a stone staircase leading up here.
i - 2 glowing blue potions (gained 1)
An orc comes into view.
It is wielding a +2 flail of protection.
The magic dart hits the orc but does no damage.
The orc shouts!
The magic dart hits the orc.
The orc is moderately wounded.
The magic dart hits the orc but does no damage.
The orc is moderately wounded.
The magic dart hits the orc but does no damage.
The orc is moderately wounded.
The magic dart hits the orc but does no damage.
The orc is moderately wounded.
The magic dart hits the orc.
The orc is moderately wounded.
The magic dart hits the orc but does no damage.
The orc is moderately wounded.
The orc hits you with a +2 flail of protection.
The magic dart hits the orc but does no damage.
The orc is moderately wounded.
The orc barely misses you.
The magic dart hits the orc.
The orc is severely wounded.
The orc hits you with a +2 flail of protection!
* * * LOW HITPOINT WARNING * * *
You are too injured to fight recklessly!
You are too injured to fight recklessly!
You are too injured to fight recklessly!
You are too injured to fight recklessly!
Unknown command.
Aiming: Magic Dart (safe; 4% risk of failure)
Press: ? - help, Q - select action, (/) - cycle Shift-Dir - straight line, f/p - orc
Aim: an orc, wielding a +2 flail of protection (severely wounded, 100% to hit)
The magic dart hits the orc but does no damage.
The orc is severely wounded.
* * * LOW HITPOINT WARNING * * *
The orc hits you with a +2 flail of protection!
You die...

.. #.## #...
#..# #..##
... #o# #@#
#.# ########
#.# #......#
#.# #......#
#.####......#
#.#.........#
#...##......#
##..##......#
#..##.#...##


You could see an orc.

Vanquished Creatures
  2 adders (D:2)
  A dart slug (D:2)
  2 endoplasms (D:2)
  4 goblins
  3 hobgoblins
  2 jackals (D:2)
  4 quokkas
  A ball python (D:1)
  2 bats (D:1)
  A frilled lizard (D:1)
  2 kobolds (D:1)
24 creatures vanquished.

Notes
Turn   | Place    | Note
-------+----------+-------------------------------------------
     0 | D:1      | jimonade the Djinni Hedge Wizard began the quest for the
                  | Orb.
     0 | D:1      | jimonade set off with the following spells memorised: Magic
                  | Dart, Blink, Call Imp, Slow, Conjure Flame, Mephitic Cloud.
     0 | D:1      | Reached XP level 1. HP: 15/15 MP: 0/0
   611 | D:1      | Found a faded altar of an unknown god.
   946 | D:1      | Reached XP level 2. HP: 20/21 MP: 0/0
  1437 | D:2      | Reached skill level 3 in Spellcasting
  1584 | D:2      | Found a white marble altar of Elyvilon.
  1731 | D:2      | Reached XP level 3. HP: 20/25 MP: 0/0
  1731 | D:2      | Learned a level 1 spell: Foxfire
  2552 | D:3      | Slain by an orc

Illustrated notes

Levels and vault maps discovered:
D:1:      onia_arrival_pyramid, layout_basic, basic_ecumenical_altar
D:2:      wad_pebble_path, layout_basic, basic_altar
D:3:      layout_loops_cross, minmay_pentomino_pile

Skill      XL: |  1  2 |
---------------+-------+-----
Spellcasting   | 3 |  3.5
Fighting       | |  0.1
Dodging        | |  2.2
Stealth        | |  1.5

Action                   || total
-------------------------++-------
Melee: Dagger            ||     6
 Cast: Magic Dart        ||    75
Armor: Robe              ||     2
Dodge: Dodged            ||    15

Table legend: (Time is in decaauts)
 A = Elapsed time spent in this place.
 B = Non-inter-level travel time spent in this place.
 C = Inter-level travel time spent in this place.
 D = Time resting spent in this place.
 E = Time spent auto-exploring this place.
 F = Levels seen in this place.
 G = Mean time per level.
                   A        B        C        D        E       F      G
               +--------+--------+--------+--------+--------+-----+--------+
         Total |   2551 |   2528 |     23 |    517 |   1823 |   3 |  850.3 |
       Dungeon |   2551 |   2528 |     23 |    517 |   1823 |   3 |  850.3 |
               +--------+--------+--------+--------+--------+-----+--------+

Top non-repeatable levels by time:
     D:1: 1316 daAuts
     D:2: 1195 daAuts
     D:3: 39 daAuts
